 Dungeon Crawl Stone Soup version 0.29-a0-284-gf9362112df (webtiles) character file.

Game seed: 1217720856439194726

40 Warped the Sneak (level 3, -5/26 HPs)
             Began as an Octopode Fighter on Mar 22, 2022.
             Slain by a gnoll
             ... wielding a +0 flail
              (10 damage)
             ... on level 2 of the Dungeon.
             The game lasted 00:01:22 (880 turns).

Warped the Sneak (Octopode Fighter)                  Turns: 880, Time: 00:01:23

Health: -5/26      AC:  1    Str: 17    XL:     3   Next: 50%
Magic:  3/3        EV: 13    Int: 10    God:
Gold:   49         SH:  4    Dex: 11    Spells: 2/2 levels left

rFire   . . .      SeeInvis .   a - +0 rapier
rCold   . . .      Faith    .   b - +0 buckler
rNeg    . . .      Spirit   .   (helmet restricted)
rPois   .          Reflect  .   d - amulet of magic regeneration
rElec   .          Harm     .   k - ring of flight
rCorr   .          Rampage  .   (no ring)
Will    .....                   (no ring)
Stlth   +++.......              (no ring)
HPRegen 0.08/turn               (no ring)
MPRegen 0.48/turn               (no ring)
                                (no ring)
                                (no ring)

@: flying
A: almost no armour, amphibious, 8 rings, camouflage 1, gelatinous body 1,
(nimble swimmer 1), tentacles
a: no special abilities


You were on level 2 of the Dungeon.
You visited 1 branch of the dungeon, and saw 2 of its levels.

You collected 49 gold pieces.

Inventory:

Hand Weapons
 a - a +0 rapier (weapon)
 g - a +0 spear
 m - a +1 dagger of distortion
Missiles
 h - 50 stones (quivered)
Armour
 b - a +0 buckler (worn)
Jewellery
 d - an amulet of magic regeneration (around mantle)
 k - a ring of flight (left tentacle)
Scrolls
 l - a scroll of enchant weapon {unknown}
Potions
 c - a potion of might
 e - a potion of heal wounds {unknown}
 f - a potion of lignification {unknown}
 i - a potion of mutation {unknown}
 j - a potion of haste {unknown}
 n - a potion of degeneration {unknown}


   Skills:
 - Level 3.0 Fighting
 + Level 2.5 Short Blades
 - Level 3.0 Dodging
 * Level 3.7 Stealth
 - Level 3.0 Shields


You had 2 spell levels left.
You didn't know any spells.
Your spell library was empty.

Dungeon Overview and Level Annotations

Branches:
Dungeon (2/15)

Altars:


Innate Abilities, Weirdness & Mutations

You cannot wear most types of armour.
You are amphibious.
You can wear up to eight rings at the same time.
Your skin changes colour to match your surroundings (Stealth+).
Your rubbery body absorbs attacks. (AC +1, EV +1)
((You are camouflaged when in or above water. (Stealth+)))
You have tentacles for arms and can constrict up to eight enemies at once.


Message History

Found 12 gold pieces.
There is a stone staircase leading up here.
A giant cockroach comes into view.
Found a book of Vapours.
A gnoll comes into view. It is wielding a +0 spear.
A gnoll and a giant cockroach come into view.
The gnoll shouts!
A rat comes into view.
The gnoll throws a throwing net.
The throwing net misses you.
The gnoll hits you from afar with a +0 spear.
The gnoll shouts!
You closely miss the gnoll.
The gnoll shouts!
You grab the gnoll. You squeeze the gnoll.
The gnoll is lightly wounded.
You constrict the gnoll. The gnoll barely misses you.
You hit the gnoll.
The gnoll is severely wounded.
You constrict the gnoll.
You kill the gnoll!
You hit the rat.
You kill the rat!
You barely miss the gnoll. You grab the gnoll.
You squeeze the gnoll, but do no damage.
You constrict the gnoll.
The giant cockroach completely misses you.
The gnoll hits you with a +0 flail.
You hit the gnoll.
You tentacle-slap the gnoll, but do no damage.
The gnoll is heavily wounded.
You constrict the gnoll. You block the giant cockroach's attack.
The gnoll hits you with a +0 flail!
* * * LOW HITPOINT WARNING * * *
The giant cockroach closely misses you. The giant cockroach misses you.
You release your grip on the gnoll.
The gnoll completely misses you. The gnoll misses you.
The giant cockroach misses you. The giant cockroach bites you.
* * * LOW HITPOINT WARNING * * *
The gnoll attacks as you move away! The gnoll hits you with a +0 flail!
You die...

#.. #.. #..## ..
.... .B# #..#
#.# # #..# #.#
#.#.#..#####$###
#...gg.B.(##...
#..#.#B@##.##.#
#..........##
##.........<#
.........#.##
.........:#.#
...##..###..#.#
... #.. #..#.#
.. #.# #..#.#
...#.#


You could see 2 gnolls and 2 giant cockroaches.

Vanquished Creatures
  A gnoll (D:2)
  A dart slug (D:1)
  4 endoplasms (D:1)
  3 giant cockroaches (D:1)
  A goblin (D:1)
  2 hobgoblins (D:1)
  3 kobolds (D:1)
  2 quokkas (D:1)
  3 ball pythons (D:1)
  3 bats (D:1)
  A frilled lizard (D:1)
  4 rats
28 creatures vanquished.

Notes
Turn   | Place    | Note
-------+----------+-------------------------------------------
     0 | D:1      | Warped the Octopode Fighter began the quest for the Orb.
     0 | D:1      | Reached XP level 1. HP: 16/16 MP: 1/1
    15 | D:1      | Noticed a demonspawn zombie
    21 | D:1      | Noticed a demonspawn zombie
    25 | D:1      | Noticed a demonspawn zombie
    25 | D:1      | Noticed a merfolk zombie
    90 | D:1      | Reached skill level 1 in Stealth
   147 | D:1      | Reached XP level 2. HP: 13/21 MP: 2/2
   587 | D:1      | Reached XP level 3. HP: 26/26 MP: 3/3
   880 | D:2      | Slain by a gnoll

Illustrated notes

Levels and vault maps discovered:
D:1:      shiori_arrival_whats_in_store_for_you, layout_loops_ring
D:2:      layout_basic

Skill      XL: |  1  2 |
---------------+-------+-----
Stealth        | 1 3 |  3.7
Fighting       | |  3.0
Short Blades   | |  2.5
Dodging        | |  3.0
Shields        | |  3.0

Action                   || total
-------------------------++-------
Melee: Rapier            ||    42
       Constrict         ||     9
       Tentacles         ||     7
       Punch             ||     2
 Stab: Sleeping          ||    13
Armor: Skin              ||     1
Dodge: Dodged            ||    20
Block: Buckler           ||     4

Table legend: (Time is in decaauts)
 A = Elapsed time spent in this place.
 B = Non-inter-level travel time spent in this place.
 C = Inter-level travel time spent in this place.
 D = Time resting spent in this place.
 E = Time spent auto-exploring this place.
 F = Levels seen in this place.
 G = Mean time per level.
                   A        B        C        D        E       F      G
               +--------+--------+--------+--------+--------+-----+--------+
         Total |    884 |    868 |     16 |     22 |    667 |   2 |  442.0 |
       Dungeon |    884 |    868 |     16 |     22 |    667 |   2 |  442.0 |
               +--------+--------+--------+--------+--------+-----+--------+

Top non-repeatable levels by time:
     D:1: 869 daAuts
     D:2: 14 daAuts
